 Dungeon Sprint DCSS version 0.22-a0-247-gbddf880 (webtiles) character file.

1000 wilfster70 the Covert (level 8, -1/64 HPs)
             Began as a Gnoll Enchanter on Feb 23, 2018.
             Was an Initiate of Dithmenos.
             Slain by a deep troll (18 damage)
             ... in the Dungeon (Sprint I: "Red Sonja").
             The game lasted 00:03:09 (238 turns).

wilfster70 the Covert (Gnoll Enchanter)              Turns: 238, Time: 00:03:11

Health: -1/64      AC:  2    Str: 10    XL:     8   Next: 19%
Magic:  16/20      EV: 17    Int: 20    God:    Dithmenos [......]
Gold:   315        SH:  0    Dex: 16    Spells: 17/23 levels left

rFire    . . .     SeeInvis .   a - +2 dagger
rCold    . . .     Gourm    .   (no shield)
rNeg     . . .     Faith    .   b - +0 robe
rPois    .         Spirit   .   (no helmet)
rElec    .         Reflect  .   (no cloak)
rCorr    .         Harm     .   (no gloves)
MR       .....     NoTele   +   (no boots)
Stlth    ++++......             (no amulet)
HPRegen  0.20/turn              (no ring)
MPRegen  0.17/turn              (no ring)

@: no status effects
A: distributed training, fangs 1, strong nose
a: Renounce Religion


You were in the Dungeon.
You worshipped Dithmenos.
Dithmenos was noncommittal.
You were not hungry.

You visited 1 branch You collected 405 gold pieces.
You spent 90 gold pieces at shops.

Inventory:

Hand Weapons
 a - a +2 dagger (weapon)
Armour
 b - a +0 robe (worn)
Scrolls
 i - a scroll of blinking
Potions
 d - a potion of curing
 e - a potion of heal wounds
 f - a potion of haste
 g - 2 potions of magic
 h - a potion of degeneration {unknown}
Comestibles
 c - a ration
 j - 4 chunks of flesh


   Skills:
 + Level 6.1 Fighting
 + Level 6.7 Short Blades
 + Level 6.1 Long Blades
 + Level 6.1 Axes
 + Level 6.1 Maces & Flails
 + Level 6.1 Polearms
 + Level 6.1 Staves
 + Level 6.1 Slings
 + Level 6.1 Bows
 + Level 6.1 Crossbows
 + Level 6.1 Throwing
 + Level 6.1 Armour
 + Level 7.7 Dodging
 + Level 8.7 Stealth
 + Level 6.1 Shields
 + Level 6.1 Unarmed Combat
 + Level 8.0 Spellcasting
 + Level 5.1 Conjurations
 + Level 7.5 Hexes
 + Level 5.1 Charms
 + Level 5.1 Summonings
 + Level 5.1 Necromancy
 + Level 5.1 Translocations
 + Level 5.1 Transmutations
 + Level 5.1 Fire Magic
 + Level 5.1 Ice Magic
 + Level 5.1 Air Magic
 + Level 5.1 Earth Magic
 + Level 5.1 Poison Magic
 + Level 6.7 Invocations
 + Level 6.1 Evocations


You had 17 spell levels left.
You knew the following spells:

 Your Spells              Type           Power        Failure   Level  Hunger
a - Corona                Hex            #####..      1%          1    None
b - Ensorcelled Hibernat  Hex/Ice        ####..       1%          2    None
c - Confuse               Hex            #####...     1%          3    None


Dungeon Overview and Level Annotations

Branches:
Dungeon (1/1)

Altars:
Cheibriados
Dithmenos
Elyvilon
Fedhas
Gozag
Hepliaklqana
Kikubaaqudgha
Nemelex Xobeh
Okawaru
Qazlal
Ru
Sif Muna
Trog
Uskayaw
Vehumet
Wu Jian
Yredelemnul
Zin
The Shining One

Shops:
D *(


Innate Abilities, Weirdness & Mutations

Your experience applies equally to all skills.
You have very sharp teeth.
Your uncanny sense of smell can sniff out nearby items.


Message History

The deep troll shouts!
The deep troll barely misses you. x3
You see here 27 gold pieces.
Casting: Ensorcelled Hibernation (safe; 1% risk of failure)
Confirm with . or Enter, or press ? or * to list all spells.
Aiming: Ensorcelled Hibernation (safe; 1% risk of failure)
Press: ? - help, Shift-Dir - straight line, f - deep troll
Aim: a deep troll (chance to defeat MR: 44%)
The deep troll resists with some effort.
The deep troll bites you. The deep troll claws you! The deep troll claws you!!
Casting: Ensorcelled Hibernation (safe; 1% risk of failure)
Confirm with . or Enter, or press ? or * to list all spells.
Aiming: Ensorcelled Hibernation (safe; 1% risk of failure)
Press: ? - help, Shift-Dir - straight line, f/p - deep troll
Aim: a deep troll (chance to defeat MR: 44%)
The deep troll resists with some effort.
The deep troll bites you!
* * * LOW HITPOINT WARNING * * *
The deep troll claws you!!
You die...

#..#####'#####'#
#..####..#...#)# ∆∆
#..#__####..##$# ∆∆
#..#_____##'#_.+
#⌠⌠#_.∩...'..._# ∆∆
####_..__##_.#+#
∆∆#_____###'#∆ ∆∆∆∆
############.####+###∆
#∩........'...'$@T$$+∆
###++++####.).#######
##.## ∆#+#∆ ∆∆∆∆∆
∆∆∆∆∆ ∆∆∆∆ ∆∆∆


You could see a deep troll.

Vanquished Creatures
  Sonja (D)
  Sigmund (D)
  A yak (D)
  An ogre (D)
  A jelly (D)
  Ijyb (D)
6 creatures vanquished.

Notes
Turn   | Place    | Note
-------+----------+-------------------------------------------
     0 | D        | wilfster70 the Gnoll Enchanter began the quest for the Orb.
     0 | D        | Reached XP level 1. HP: 13/13 MP: 6/6
     1 | D        | Noticed Ijyb
     6 | D        | Killed Ijyb
     6 | D        | Reached skill level 1 in Fighting
     6 | D        | Reached skill level 1 in Long Blades
     6 | D        | Reached skill level 1 in Axes
     6 | D        | Reached skill level 1 in Maces & Flails
     6 | D        | Reached skill level 1 in Polearms
     6 | D        | Reached skill level 1 in Staves
     6 | D        | Reached skill level 1 in Slings
     6 | D        | Reached skill level 1 in Bows
     6 | D        | Reached skill level 1 in Crossbows
     6 | D        | Reached skill level 1 in Throwing
     6 | D        | Reached skill level 1 in Armour
     6 | D        | Reached skill level 1 in Shields
     6 | D        | Reached skill level 1 in Unarmed Combat
     6 | D        | Reached skill level 5 in Spellcasting
     6 | D        | Reached skill level 1 in Conjurations
     6 | D        | Reached skill level 1 in Charms
     6 | D        | Reached skill level 1 in Summonings
     6 | D        | Reached skill level 1 in Necromancy
     6 | D        | Reached skill level 1 in Translocations
     6 | D        | Reached skill level 1 in Transmutations
     6 | D        | Reached skill level 1 in Fire Magic
     6 | D        | Reached skill level 1 in Ice Magic
     6 | D        | Reached skill level 1 in Air Magic
     6 | D        | Reached skill level 1 in Earth Magic
     6 | D        | Reached skill level 1 in Poison Magic
     6 | D        | Reached skill level 1 in Invocations
     6 | D        | Reached skill level 1 in Evocations
     6 | D        | Reached XP level 2. HP: 22/22 MP: 8/8
     6 | D        | Reached XP level 3. HP: 27/27 MP: 9/9
    14 | D        | Learned a level 2 spell: Ensorcelled Hibernation
    18 | D        | Learned a level 3 spell: Confuse
    56 | D        | Noticed an ogre
    59 | D        | Killed an ogre
    59 | D        | Reached skill level 5 in Dodging
    59 | D        | Reached XP level 4. HP: 35/35 MP: 9/11
    77 | D        | Noticed Sigmund
    80 | D        | Killed Sigmund
    80 | D        | Reached skill level 5 in Short Blades
    80 | D        | Reached XP level 5. HP: 42/42 MP: 12/14
    80 | D        | Reached XP level 6. HP: 48/48 MP: 12/15
    92 | D        | Found a deep blue altar of Sif Muna.
    93 | D        | Found an ornate altar of the Wu Jian Council.
    94 | D        | Found a radiant altar of Vehumet.
   100 | D        | Found Pomuon's Antique Weapon Emporium.
   100 | D        | Found an ancient bone altar of Kikubaaqudgha.
   100 | D        | Found a hazy altar of Hepliaklqana.
   100 | D        | Found a stormy altar of Qazlal.
   100 | D        | Found a hide-covered altar of Uskayaw.
   100 | D        | Found a blossoming altar of Fedhas.
   100 | D        | Found a bloodstained altar of Trog.
   100 | D        | Found an iron altar of Okawaru.
   100 | D        | Found a basalt altar of Yredelemnul.
   100 | D        | Found a glowing golden altar of the Shining One.
   100 | D        | Found a snail-covered altar of Cheibriados.
   100 | D        | Found a sacrificial altar of Ru.
   100 | D        | Found a glowing silver altar of Zin.
   100 | D        | Found a shadowy altar of Dithmenos.
   100 | D        | Found a white marble altar of Elyvilon.
   100 | D        | Noticed a yak
   108 | D        | Killed a yak
   108 | D        | Reached skill level 5 in Fighting
   108 | D        | Reached skill level 5 in Long Blades
   108 | D        | Reached skill level 5 in Axes
   108 | D        | Reached skill level 5 in Maces & Flails
   108 | D        | Reached skill level 5 in Polearms
   108 | D        | Reached skill level 5 in Staves
   108 | D        | Reached skill level 5 in Slings
   108 | D        | Reached skill level 5 in Bows
   108 | D        | Reached skill level 5 in Crossbows
   108 | D        | Reached skill level 5 in Throwing
   108 | D        | Reached skill level 5 in Armour
   108 | D        | Reached skill level 5 in Shields
   108 | D        | Reached skill level 5 in Unarmed Combat
   108 | D        | Reached skill level 5 in Invocations
   108 | D        | Reached skill level 5 in Evocations
   108 | D        | Reached XP level 7. HP: 41/56 MP: 13/17
   110 | D        | Found an opulent altar of Gozag.
   127 | D        | Found a sparkling altar of Nemelex Xobeh.
   133 | D        | Became a worshipper of Dithmenos the Shadowed
   193 | D        | Noticed Sonja
   197 | D        | Killed Sonja
   197 | D        | Reached skill level 5 in Conjurations
   197 | D        | Reached skill level 5 in Charms
   197 | D        | Reached skill level 5 in Summonings
   197 | D        | Reached skill level 5 in Necromancy
   197 | D        | Reached skill level 5 in Translocations
   197 | D        | Reached skill level 5 in Transmutations
   197 | D        | Reached skill level 5 in Fire Magic
   197 | D        | Reached skill level 5 in Ice Magic
   197 | D        | Reached skill level 5 in Air Magic
   197 | D        | Reached skill level 5 in Earth Magic
   197 | D        | Reached skill level 5 in Poison Magic
   197 | D        | Reached XP level 8. HP: 64/64 MP: 18/20
   212 | D        | Found Xadeh's General Store.
   220 | D        | Bought a scroll of enchant weapon for 90 gold pieces
   233 | D        | Noticed a deep troll
   238 | D        | Slain by a deep troll

Vault maps used:
D:        dungeon_sprint_1

Skill      XL: |  1  2  3  4  5  6  7 |
---------------+----------------------+-----
Fighting       | 1 3 4 5 6 |  6.1
Short Blades   | 3 4 5 6 |  6.7
Long Blades    | 1 3 4 5 6 |  6.1
Axes           | 1 3 4 5 6 |  6.1
Maces & Flails | 1 3 4 5 6 |  6.1
Polearms       | 1 3 4 5 6 |  6.1
Staves         | 1 3 4 5 6 |  6.1
Slings         | 1 3 4 5 6 |  6.1
Bows           | 1 3 4 5 6 |  6.1
Crossbows      | 1 3 4 5 6 |  6.1
Throwing       | 1 3 4 5 6 |  6.1
Armour         | 1 3 4 5 6 |  6.1
Stealth        | 6 7 8 |  8.7
Shields        | 1 3 4 5 6 |  6.1
Unarmed Combat | 1 3 4 5 6 |  6.1
Spellcasting   | 5 6 7 8 |  8.0
Conjurations   | 1 2 3 4 5 |  5.1
Charms         | 1 2 3 4 5 |  5.1
Summonings     | 1 2 3 4 5 |  5.1
Necromancy     | 1 2 3 4 5 |  5.1
Translocations | 1 2 3 4 5 |  5.1
Transmutations | 1 2 3 4 5 |  5.1
Fire Magic     | 1 2 3 4 5 |  5.1
Ice Magic      | 1 2 3 4 5 |  5.1
Air Magic      | 1 2 3 4 5 |  5.1
Earth Magic    | 1 2 3 4 5 |  5.1
Poison Magic   | 1 2 3 4 5 |  5.1
Invocations    | 1 3 4 5 6 |  6.7
Evocations     | 1 3 4 5 6 |  6.1
Dodging        | 5 6 7 |  7.7
Hexes          | 6 7 |  7.5

Action                   |  1- 3 |  4- 6 |  7- 9 || total
-------------------------+-------+-------+-------++-------
Melee: Dagger            |     5 |     9 |     1 ||    15
       Bite              |     2 |       |       ||     2
 Cast: Ensorcelled Hiber |       |     1 |     2 ||     3
  Use: Potion            |     1 |       |       ||     1
       Scroll            |       |       |     1 ||     1
 Stab: Sleeping          |     1 |     3 |     1 ||     5
Dodge: Dodged            |     1 |     3 |     3 ||     7

Table legend:
 A = Spawn XP
 B = Non-spawn XP
 C = Spawn XP percentage of total XP
 D = Spawn monster count
 E = Non-spawn monster count
 F = Spawn count percentage of total count
 G = Total turns spent on level
                    A         B        C        D         E        F      G
               +---------+---------+-------+---------+---------+-------+---------
         Total |       0 |    1429 |   0.0 |       0 |       6 |   0.0 |   238
               +---------+---------+-------+---------+---------+-------+---------
             D |       0 |    1429 |   0.0 |       0 |       6 |   0.0 |   238
               +---------+---------+-------+---------+---------+-------+---------
